 Dungeon Crawl Stone Soup version 0.18-a0-1229-ge9a1a01 (webtiles) character file.

509 sugabear the Ducker (level 7, -2/36 HPs)
             Began as a Vine Stalker Gladiator on Feb 4, 2016.
             Slain by a hill giant
             ... wielding a +0 giant club
              (23 damage)
             ... on level 5 of the Dungeon.
             The game lasted 00:06:53 (4088 turns).

sugabear the Ducker (Vine Stalker Gladiator)        Turns: 4088, Time: 00:06:53

Health: -2/36      AC:  8    Str: 18    XL:     7   Next: 19%
Magic:  0/16       EV: 13    Int:  8    God:
Gold:   222        SH:  0    Dex: 16    Spells: 0 memorised, 6 levels left

rFire  . . .     SeeInvis .     l - +1 war axe (chop)
rCold  . . .     Gourm    .     q - +0 ring mail
rNeg   . . .     Faith    .     (no shield)
rPois  .         Spirit   +     c - +0 helmet
rElec  .         Dismiss  .     F - +0 cloak
rCorr  +         Reflect  .     e - +0 pair of gloves
SustAt .         Harm     .     (no boots)
MR     .....                    (no amulet)
Stlth  +.........               k - ring of magical power
                                n - ring of resist corrosion

@: not resistant to hostile enchantments, very unstealthy
A: fangs 2, hooves 1, low mp 1, regeneration 2, wild magic 2, magic shield,
antimagic bite, no device heal 3, rot immunity, MP-powered wands
a: no special abilities


You were on level 5 of the Dungeon.
You were not hungry.

You visited 1 branch of the dungeon, and saw 5 of its levels.

You collected 222 gold pieces.

Inventory:

Hand Weapons
 a - a +0 flail
 l - a +1 war axe of chopping (weapon)
Missiles
 d - 2 throwing nets (quivered)
 D - 8 javelins
Armour
 b - a +0 leather armour
 c - a +0 helmet (worn)
 e - a +0 pair of gloves (worn)
 q - a +0 ring mail (worn)
 F - a +0 cloak (worn)
Jewellery
 h - an uncursed ring of protection from fire
 j - an uncursed ring of protection from fire
 k - a ring of magical power (right hand)
 n - a ring of resist corrosion (left hand)
Scrolls
 g - 4 scrolls of enchant armour
 i - 3 scrolls of identify
 o - 3 scrolls of remove curse
 s - a scroll of fear {unknown}
 t - a scroll of fog {unknown}
 u - a scroll of immolation {unknown}
 v - 2 scrolls of enchant weapon {unknown}
 w - a scroll of teleportation {unknown}
 y - a scroll of recharging {unknown}
 E - a scroll of amnesia {unknown}
Potions
 p - 2 potions of lignification
 r - a potion of curing
 z - a potion of berserk rage {unknown}
 A - a potion of flight {unknown}
 C - a potion of might {unknown}
Comestibles
 f - 4 bread rations
 m - 4 meat rations
 x - 3 beef jerkies
 B - a royal jelly


   Skills:
 + Level 3.2 Fighting
 + Level 2.3(3.2) Axes
 + Level 3.3(3.7) Maces & Flails
 + Level 1.7 Throwing
 + Level 2.8 Armour
 + Level 4.0 Dodging
 + Level 1.3 Stealth


You had 6 spell levels left.
You didn't know any spells.

Dungeon Overview and Level Annotations

Branches:
Dungeon (5/15)
 Temple: D:4-7

Altars:
Ashenzari
Makhleb
Okawaru
Zin

Shops:
D:3 *

Annotations:
D:3 Grap's ghost, amateur HOFi


Innate Abilities, Weirdness & Mutations

You have extremely sharp teeth.
You heal very quickly.
When hurt, damage is shared between your health and your magic reserves.
Your bite disrupts and absorbs the magic of your enemies.
Potions and wands cannot restore your health.
You are immune to rotting.
You have large cloven feet.
Your magical capacity is low (-10% MP).
Your spells are harder to cast, but more powerful.
You expend magic power (3 MP) to strengthen your wands.


Message History

The hill giant shouts!
Found a chain mail.
The hill giant hits you with a giant club!
Found a whip.
You hit the hill giant.
You kick the hill giant, but do no damage.
You bite the hill giant, but do no damage.
The hill giant is lightly wounded.
You feel sick.
You are no longer poisoned.
The hill giant hits you with a giant club!
Throwing (i - inventory. (,) - cycle):
d - 3 throwing nets (quivered)
Press: ? - help, Shift-Dir - straight line, f - hill giant
Aim: a hill giant, wielding a giant club (lightly wounded, immune to nets)
You throw a throwing net. The throwing net hits the hill giant.
The hill giant is too large for the net to hold!
The hill giant is lightly wounded.
The hill giant hits you with a giant club!!
Ouch! That really hurt!
You die...

#.# #.#### #.#
#.# #.<..# #.#
#.# ####.## #.#
..# ###...######
#) ###
#..........#
#.#...####.###
#......# ...[#
####
#.#..#.#.#.....#
....
#.......@C......
####
#....#.#.#.....#
..........#.%...#
#.##..##....
..... # #..
###### .##) #..
#.


You could see a hill giant.

Vanquished Creatures
  An ogre (D:4)
  A centaur (D:5)
  A crimson imp (D:5)
  A giant frog zombie (D:4)
  A hound (D:5)
  2 iguanas
  3 worker ants
  4 adders
  An adder skeleton (D:4)
  2 worms (D:3)
  5 giant geckos
  An orc (D:4)
  4 giant cockroaches
  10 hobgoblins
  4 jackals (D:4)
  4 kobolds
  2 quokkas
  4 ball pythons
  7 bats
  4 giant newts
  8 goblins
  6 rats
76 creatures vanquished.

Notes
Turn   | Place    | Note
--------------------------------------------------------------
     0 | D:1      | sugabear the Vine Stalker Gladiator began the quest for the Orb.
     0 | D:1      | Reached XP level 1. HP: 11/11 MP: 2/2
   127 | D:1      | Reached skill level 3 in Maces & Flails
   127 | D:1      | Reached XP level 2. HP: 15/15 MP: 3/3
   786 | D:2      | Reached XP level 3. HP: 18/18 MP: 4/4
   918 | D:2      | Found a shattered altar of Ashenzari.
   922 | D:2      | Found an iron altar of Okawaru.
   923 | D:2      | Found a burning altar of Makhleb.
  1512 | D:3      | Reached XP level 4. HP: 12/23 MP: 2/5
  1806 | D:3      | Noticed Grap's ghost (amateur HOFi)
  2083 | D:3      | Reached skill level 1 in Armour
  2306 | D:3      | Found Zin's Purification Station.
  2718 | D:3      | Found a glowing silver altar of Zin.
  3040 | D:4      | Reached skill level 1 in Axes
  3040 | D:4      | Reached XP level 5. HP: 24/27 MP: 6/6
  3247 | D:4      | Gained mutation: Your spells are a little harder to cast, but a little more powerful. [potion of mutation]
  3247 | D:4      | Gained mutation: You have large cloven feet. [potion of mutation]
  3247 | D:4      | Gained mutation: You expend magic power (3 MP) to strengthen your wands. [potion of mutation]
  3251 | D:4      | Gained mutation: Your magical capacity is low (-10% MP). [potion of mutation]
  3251 | D:4      | Gained mutation: Your spells are harder to cast, but more powerful. [potion of mutation]
  3422 | D:4      | Noticed an ogre
  3429 | D:4      | Killed an ogre
  3429 | D:4      | Reached skill level 1 in Stealth
  3429 | D:4      | Gained mutation: You heal very quickly. [Vine Stalker growth]
  3429 | D:4      | Reached XP level 6. HP: 13/32 MP: 6/6
  3710 | D:5      | Entered Level 5 of the Dungeon
  3794 | D:5      | Reached XP level 7. HP: 29/36 MP: 7/7
  3835 | D:5      | Reached skill level 4 in Dodging
  4085 | D:5      | Noticed a hill giant
  4088 | D:5      | Slain by a hill giant

Vault maps used:
D:1:      denvon_arrival_planthouse
D:2:      nicolae_overflow_hidden_temple, minmay_misc_feat_columns
D:3:      zin_purify, first_bread, minmay_misc_feat_chi, minivault_26,
          minmay_goblin_kobold_house
D:5:      led_sif_pool

Action                   |  1- 3 |  4- 6 |  7- 9 || total
-------------------------+-------+-------+-------++-------
Melee: Flail             |    60 |       |       ||    60
       War axe           |    40 |   118 |    10 ||   168
Throw: Throwing net      |       |       |     1 ||     1
  Use: Scroll            |       |     2 |       ||     2
       Potion            |       |     7 |       ||     7
 Stab: Sleeping          |       |     1 |       ||     1
  Eat: Chunk             |     2 |     7 |     1 ||    10
